Map: Lerilak Crest

Players

Neuro

  • Race: Zerg Zerg
  • League: Grandmaster

xKawaiian - Winner!

  • Race: Terran Terran
  • League: Master

VOD

Have the link to the VOD?

Description

Time

  • Played on: Jan. 18, 2016, 3:01 a.m.
  • Length: 19:25
Show
View Real Time Build Order
Export as new Build Order

Neuro Zerg 

Build Orders: Hatch First, Muta Ling Bane 

Get SALT Encoding   

  12  0:01  Drone  
  13  0:08  Drone  
  14  0:16  Overlord  
  14  0:23  Drone, Extractor  
  15  0:35  Drone  
  15  0:36  Drone  
  17  0:51  Hatchery  
  17  0:55  Drone  
  17  0:58  Drone  
  18  1:08  Drone  
  19  1:15  Spawning Pool  
  18  1:19  Drone  
  19  1:28  Drone  
  20  1:40  Drone  
  21  1:52  Drone  
  21  1:53  Hatchery  
  22  2:01  Drone  
  22  2:07  Zergling x2  
  23  2:09  Queen x2  
  23  2:14  Zergling x2  
  28  2:20  Overlord  
  28  2:38  Extractor  
  28  2:42  Drone x4  
  32  2:48  Queen x2  
  36  2:54  Overlord  
  36  3:15  Drone x6  
  36  3:16  Drone x2  
  36  3:17  Drone  
  36  3:18  Drone x2  
  47  3:23  Queen  
  49  3:29  Overlord  
  49  3:30  Extractor x2  
  46  3:36  Overlord  
  46  3:45  Drone x3  
  49  3:49  Overlord  
  49  3:50  Overlord  
  49  3:58  Drone x5  
  49  3:59  Drone x2  
  56  4:07  Queen  
  57  4:13  Metabolic Boost  
  57  4:19  Overlord  
  57  4:24  Baneling Nest  
  57  4:27  Zergling x2  
  57  4:32  Queen  
  57  4:36  Drone x11  
  70  4:48  Queen  
  72  4:56  Zergling x14  
  79  5:08  Baneling x2  
  79  5:13  Overlord x3  
  78  5:21  Overlord x2  
  78  5:22  Lair  
  78  5:25  Extractor x2  
  73  5:34  Extractor  
  72  5:36  Drone x3, Extractor  
  72  5:37  Drone x5  
  79  5:46  Zergling x2  
  80  5:51  Hatchery  
  80  5:53  Drone x6  
  85  5:58  Evolution Chamber x2  
  83  6:04  Queen  
  83  6:06  Spore Crawler  
  83  6:07  Drone x7  
  83  6:10  Hatchery  
  90  6:24  Drone x5  
  92  6:28  Centrifical Hooks, Zerg Ground Armor Level 1, Zerg Melee Weapons Level 1  
  92  6:31  Spire  
  90  6:44  Pneumatized Carapace  
  89  6:48  Overseer  
  89  6:55  Drone x10  
  99  7:04  Spore Crawler, Overlord, Queen x2  
  99  7:05  Overlord x3  
  95  7:17  Drone x5  
  95  7:18  Drone  
  99  7:23  Zergling x10  
  99  7:28  Baneling x2  
  103  7:30  Queen x2  
  103  7:33  Queen  
  109  7:50  Zergling x26  
  122  7:58  Mutalisk x7  
  116  8:03  Zerg Flyer Armor Level 1  
  116  8:04  Mutalisk  
  132  8:06  Overlord x3  
  132  8:11  Baneling x7  
  132  8:17  Drone  
  132  8:18  Spore Crawler x2  
  131  8:30  Mutalisk x7  
  131  8:32  Zergling x6  
  148  8:38  Infestation Pit  
  133  8:48  Zergling x8  
  133  8:49  Zergling x30  
  133  8:55  Zergling x2  
  152  9:04  Zergling x10  
  152  9:09  Zerg Ground Armor Level 2, Zerg Melee Weapons Level 2  
  156  9:12  Extractor  
  156  9:13  Extractor  
  154  9:18  Baneling x2  
  154  9:19  Baneling x6  
  154  9:21  Overlord, Baneling x2  
  154  9:22  Overlord x2  
  154  9:23  Hatchery, Overlord x2  
  144  9:33  Mutalisk x3  
  144  9:36  Zergling x8  
  144  9:37  Zergling x6  
  139  9:49  Hive  
  139  9:52  Overlord  
  139  10:04  Zerg Flyer Armor Level 2  
  139  10:08  Zergling x10  
  139  10:09  Zergling x24  
  156  10:18  Mutalisk x3  
  155  10:25  Zergling x24  
  167  10:37  Baneling x2  
  167  10:38  Baneling x5  
  167  10:46  Drone x9  
  176  10:56  Baneling x9  
  156  11:10  Spine Crawler  
  156  11:11  Spine Crawler, Extractor  
  154  11:13  Spore Crawler, Extractor  
  154  11:14  Adrenal Glands  
  154  11:16  Ultralisk Cavern  
  146  11:32  Overlord, Zergling x16  
  143  11:33  Zergling x28  
  143  11:36  Baneling x4  
  157  11:41  Zerg Ground Armor Level 3, Zerg Melee Weapons Level 3  
  155  11:48  Drone x10  
  155  11:50  Overseer  
  165  11:55  Zergling x4  
  165  11:59  Baneling x5  
  159  12:12  Zergling x28  
  163  12:26  Zergling x20  
  163  12:27  Zergling x4  
  164  12:30  Drone x3  
  164  12:31  Drone  
  156  13:04  Chitinous Plating, Greater Spire  
  154  13:08  Overseer  
  154  13:18  Zergling x16  
  154  13:19  Overlord x5  
  139  13:30  Ultralisk  
  139  13:31  Ultralisk x3  
  154  13:45  Ultralisk x2  
  156  13:54  Spine Crawler  
  154  13:55  Spine Crawler  
  127  14:21  Ultralisk x3  
  135  14:32  Drone  
  118  15:00  Mutalisk x8  
  130  15:12  Viper  
  115  15:48  Hatchery  
  94  16:06  Spire  
  94  16:10  Ultralisk  
  97  16:33  Overseer  
  88  17:27  Drone x3  
  89  17:30  Hatchery  
  78  17:51  Corruptor x2  
  82  18:03  Drone x4  
  78  18:23  Overseer  
  68  18:30  Drone x2  
  68  18:31  Drone  
  68  18:34  Hatchery  
  48  18:54  Overseer  
Show
View Real Time Build Order
Export as new Build Order

xKawaiian Terran - Winner!

Build Orders: Reaper Expand, MMM Bio 

Get SALT Encoding   

  12  0:01  SCV  
  13  0:13  SCV  
  14  0:17  Supply Depot  
  14  0:26  SCV  
  15  0:39  SCV  
  15  0:40  Barracks  
  16  0:46  Refinery  
  16  0:51  SCV  
  17  1:03  SCV  
  18  1:19  SCV  
  19  1:29  Reaper  
  19  1:31  Orbital Command  
  20  1:41  Command Center  
  20  1:52  Supply Depot  
  20  1:57  SCV  
  21  2:02  Barracks Reactor  
  21  2:09  SCV  
  22  2:23  Command Center  
  22  2:26  SCV  
  23  2:35  Factory  
  23  2:41  Marine x2  
  23  2:42  SCV  
  25  2:54  SCV  
  25  2:56  Orbital Command  
  26  3:00  Marine  
  26  3:03  Marine  
  28  3:07  SCV  
  29  3:19  SCV  
  30  3:25  SCV  
  30  3:26  Armory  
  31  3:27  Hellion  
  31  3:28  Hellion  
  31  3:31  SCV  
  31  3:32  Barracks Tech Lab  
  36  3:37  SCV  
  36  3:38  Orbital Command  
  37  3:49  Hellion  
  37  3:50  Hellion  
  37  3:51  SCV x2  
  37  3:54  Refinery  
  43  3:57  Orbital Command  
  43  3:59  Stimpack  
  43  4:03  SCV x2  
  45  4:10  Supply Depot  
  45  4:12  Hellion  
  45  4:15  SCV x2, Hellion, Marine  
  52  4:23  SCV  
  53  4:27  SCV x2  
  53  4:29  Starport  
  55  4:32  Marine  
  55  4:36  SCV  
  57  4:39  SCV x2, Hellion x2  
  63  4:48  SCV  
  63  4:50  Barracks x2  
  63  4:51  SCV x2  
  66  4:53  Hellion x4  
  66  5:00  SCV  
  66  5:01  Hellion  
  66  5:05  Supply Depot  
  69  5:07  Supply Depot  
  69  5:10  Hellion  
  69  5:12  SCV x2  
  69  5:17  SCV  
  69  5:21  Starport Reactor  
  64  5:22  Barracks  
  64  5:24  SCV, Engineering Bay, Barracks  
  64  5:26  SCV, Engineering Bay  
  64  5:29  SCV  
  64  5:34  Refinery  
  61  5:35  Refinery  
  61  5:36  SCV  
  61  5:37  Barracks Reactor x2  
  61  5:39  Hellion  
  64  5:43  Refinery x2  
  64  5:44  SCV  
  64  5:45  SCV  
  64  5:48  SCV  
  67  5:52  Supply Depot  
  67  5:53  Supply Depot  
  67  5:56  Terran Infantry Weapons Level 1  
  67  5:57  Terran Infantry Armor Level 1  
  67  5:59  SCV  
  67  6:02  SCV x2, Combat Shields  
  72  6:04  Hellion  
  72  6:11  SCV, Barracks Reactor  
  73  6:12  Barracks Reactor  
  73  6:14  SCV x2, Medivac  
  77  6:23  SCV  
  77  6:24  Medivac  
  78  6:26  SCV x2  
  78  6:29  Marine x5  
  83  6:34  Missile Turret  
  83  6:35  SCV  
  83  6:36  Supply Depot, Missile Turret  
  83  6:37  Missile Turret  
  84  6:47  Widow Mine x2, Medivac, Marine x2  
  82  6:49  SCV x2  
  82  6:52  Marine  
  82  6:53  Marine  
  94  6:54  Medivac  
  94  6:55  SCV  
  94  7:01  SCV  
  98  7:06  Barracks x2  
  98  7:07  Marine x4  
  98  7:08  Marine  
  103  7:09  Supply Depot  
  103  7:14  SCV x2  
  103  7:15  Widow Mine  
  105  7:17  Medivac  
  105  7:22  Marine  
  109  7:23  SCV  
  109  7:27  Supply Depot  
  109  7:28  Supply Depot  
  105  7:30  Supply Depot  
  105  7:36  Command Center  
  105  7:40  Marine x2  
  105  7:41  Widow Mine, Medivac  
  105  7:42  Marine  
  105  7:44  Marine, Widow Mine  
  112  7:47  Medivac  
  112  7:49  Marine x2  
  112  7:50  SCV x2  
  121  7:54  Marine  
  121  7:55  Barracks Reactor, Barracks Tech Lab, Marine  
  118  7:59  Marauder, Marine x2  
  118  8:02  SCV x2  
  124  8:07  Marine  
  124  8:09  Terran Infantry Weapons Level 2  
  124  8:11  Medivac  
  127  8:13  Terran Infantry Armor Level 2  
  127  8:16  Marine x2  
  127  8:19  SCV x2  
  131  8:20  SCV  
  131  8:21  Marauder  
  131  8:24  Marauder  
  131  8:25  Widow Mine  
  138  8:29  Marine x2  
  138  8:31  SCV  
  141  8:37  Marine  
  141  8:38  Marine x2, Liberator  
  141  8:39  SCV  
  136  8:44  Marine  
  136  8:45  Marine x3  
  136  8:46  Marine x2  
  136  8:47  Marine x2  
  126  8:48  Planetary Fortress  
  126  8:54  Marine  
  126  8:55  Marine  
  120  8:56  Marine x2  
  120  8:58  Widow Mine x2  
  128  9:04  Marine x3  
  128  9:06  Marine x3  
  128  9:07  Marine x2  
  133  9:12  Marine  
  133  9:13  Marine  
  133  9:14  Marine  
  136  9:19  Marine  
  136  9:20  Missile Turret  
  136  9:21  Missile Turret  
  136  9:22  Marine x3  
  136  9:23  Missile Turret  
  140  9:25  Medivac  
  140  9:27  Widow Mine x2  
  133  9:32  Marine x2  
  133  9:36  Marine  
  120  9:38  Medivac  
  120  9:39  Marine x2  
  120  9:43  Marine  
  116  9:49  SCV  
  116  9:52  Concussive Shells, Marine x2  
  119  9:55  Widow Mine x2, Starport x2, Medivac  
  119  9:56  Marine x2  
  119  9:58  Fusion Core  
  129  10:00  Marine x2  
  129  10:04  Command Center  
  129  10:07  Marine x2  
  129  10:08  Medivac  
  129  10:09  SCV  
  129  10:10  Marine x2  
  136  10:18  Marine x2  
  136  10:19  Marine  
  136  10:20  Marine  
  118  10:22  Marine x2  
  118  10:23  Marine  
  118  10:24  Marine, Widow Mine x2  
  118  10:25  Medivac  
  118  10:28  Marine x3  
  125  10:34  Starport Tech Lab x2  
  126  10:36  Marine x2  
  126  10:37  Terran Infantry Weapons Level 3, Terran Infantry Armor Level 3  
  126  10:38  Medivac  
  126  10:41  Marine  
  126  10:42  Marauder x2, Marine x2  
  136  10:47  Refinery x2  
  136  10:48  SCV  
  136  10:49  Marine x3  
  140  10:52  Widow Mine  
  140  10:53  Widow Mine, Marine x2  
  140  10:55  Marine, Medivac x2  
  151  11:03  Marauder  
  147  11:04  Marine  
  147  11:05  Marine x2  
  147  11:06  Marauder  
  147  11:07  Marine x2  
  147  11:08  Medivac  
  147  11:09  Marine, Medivac  
  145  11:14  Advanced Ballistics  
  145  11:21  Widow Mine, Liberator  
  145  11:22  Liberator  
  145  11:23  Marine x3  
  145  11:24  Widow Mine  
  145  11:25  SCV, Marauder, Medivac x2  
  159  11:28  Marauder  
  159  11:30  Marine x2  
  159  11:32  Marine x2  
  154  11:37  Marine  
  160  11:41  Supply Depot  
  160  11:42  Supply Depot x2  
  160  11:45  Planetary Fortress, Liberator  
  160  11:47  Missile Turret  
  160  11:49  Widow Mine  
  160  11:50  Marine x2  
  160  11:51  Missile Turret, Marauder x2  
  160  11:52  Widow Mine  
  160  11:53  Marine  
  171  11:56  Medivac  
  171  12:03  Marine  
  171  12:06  Marine x2  
  171  12:07  Marine  
  177  12:12  Marauder  
  177  12:15  Marauder, Marine x5  
  180  12:16  Liberator x2  
  180  12:18  Widow Mine  
  180  12:20  Marine  
  180  12:21  Marine, Medivac, Widow Mine  
  178  12:24  Marine x3  
  166  12:32  Marine  
  166  12:33  Marine x5  
  169  12:42  Marine  
  169  12:43  Marine  
  169  12:44  Marine x2  
  169  12:46  Widow Mine, Medivac  
  169  12:47  Marine x2  
  169  12:49  Widow Mine  
  169  12:50  Marine x3  
  169  12:51  Medivac, Marine  
  182  12:54  Marine x2  
  180  12:59  Liberator x2  
  180  13:00  Marine  
  180  13:02  Marine  
  180  13:03  Marine x2  
  180  13:04  Command Center  
  179  13:06  Marauder  
  179  13:08  Marine x2  
  179  13:09  Marauder  
  179  13:11  SCV  
  176  13:14  Marine x2  
  176  13:16  Medivac  
  176  13:19  Marine x2  
  177  13:22  Widow Mine x2  
  177  13:23  Marine x3  
  169  13:27  Marine x2, Marauder  
  169  13:28  Marine  
  169  13:30  Marauder  
  169  13:32  Marine  
  172  13:35  Marine  
  172  13:37  Marine  
  172  13:40  Marine  
  172  13:42  Marine, Liberator  
  172  13:43  Marine x2  
  172  13:45  Marine  
  172  13:48  Marauder, Marine x2  
  172  13:50  Marine, Widow Mine  
  172  13:51  Missile Turret, Widow Mine  
  172  13:52  Marauder  
  172  13:53  Marine  
  172  13:54  Marine  
  185  13:58  Marine  
  185  14:00  Marine  
  188  14:03  Liberator x3, Marine x3  
  188  14:06  Marine  
  188  14:08  Marine  
  188  14:09  Marine  
  191  14:10  Marauder  
  191  14:11  Marine  
  191  14:12  Marine  
  191  14:13  Marauder  
  191  14:15  Marine  
  186  14:19  Widow Mine  
  186  14:23  Planetary Fortress  
  179  14:30  Marine x2  
  179  14:31  Marauder, Marine x2  
  178  14:32  Terran Vehicle Weapons Level 1  
  178  14:35  Marauder  
  178  14:38  Marine x2  
  180  14:42  Medivac, Widow Mine  
  186  14:45  Marine x2  
  186  14:46  Marine x2  
  186  14:48  Marine  
  186  14:49  Marine  
  186  14:51  Marine x2  
  196  14:53  Liberator, Marauder  
  196  14:56  Marauder  
  196  15:02  Marine  
  196  15:03  Marine  
  180  15:09  Marine x2  
  180  15:12  Medivac x2  
  181  15:14  Marauder  
  181  15:15  Marine  
  181  15:16  Marine, Widow Mine x2  
  181  15:17  Marauder  
  189  15:22  Marine x2  
  189  15:23  Marine x4  
  189  15:25  Liberator x2  
  189  15:27  Medivac  
  193  15:30  Marine x2  
  193  15:33  Marine x2  
  184  15:35  Marauder  
  184  15:36  Liberator  
  184  15:39  Marauder  
  184  15:40  Liberator  
  184  15:41  Marine x2  
  173  15:44  Widow Mine x2  
  173  15:47  Marine  
  173  15:48  Marine x2  
  179  15:57  Marauder  
  179  15:59  Marine  
  179  16:00  Marauder  
  179  16:02  Marine x3  
  185  16:04  Building Armor, Hi-Sec Auto Tracking  
  185  16:08  Liberator  
  173  16:13  Widow Mine x2, Marine  
  180  16:18  Marauder  
  180  16:21  Command Center, Marauder  
  180  16:23  Marine x2  
  187  16:36  Marine x3  
  186  16:40  Marauder  
  186  16:41  Widow Mine x2, Marine x3  
  186  16:43  Marauder  
  186  16:46  Command Center  
  192  16:48  Liberator x2  
  192  16:52  Missile Turret x2  
  192  16:53  Missile Turret x3  
  192  17:01  Marine x2, Marauder  
  178  17:03  Marine x3  
  178  17:04  Marauder  
  188  17:11  SCV, Missile Turret  
  188  17:12  Missile Turret  
  189  17:16  Marine x2  
  189  17:20  Marine  
  189  17:22  Marauder  
  188  17:26  Marauder  
  188  17:28  Marine x2  
  176  17:33  Liberator  
  176  17:34  Liberator x2  
  176  17:35  Planetary Fortress  
  174  17:39  Marine  
  174  17:43  Marine x2  
  174  17:44  Marauder  
  168  17:45  Marine x2  
  168  17:47  Marauder  
  168  17:48  Marine x3  
  172  17:54  Liberator  
  176  18:00  Planetary Fortress  
  176  18:01  Missile Turret  
  176  18:02  Missile Turret  
  176  18:03  Missile Turret  
  176  18:04  Marine  
  176  18:05  Marauder  
  179  18:12  Marine x2  
  184  18:16  Liberator  
  184  18:19  Marine x2  
  181  18:20  Widow Mine, Marauder  
  181  18:21  Widow Mine  
  183  18:27  Marine  
  183  18:28  Marauder  
  183  18:30  Marine x3  
  181  18:34  Refinery x2  
  181  18:38  Refinery x2  
  181  18:39  Refinery  
  181  18:40  Refinery  
  177  18:41  Refinery x2  
  177  18:49  Widow Mine  
  177  18:55  Marauder, Marine x2  
  183  18:56  Marauder  
  180  19:02  Marine  
  180  19:06  Marine x3  
  169  19:23  Supply Depot x2  
Tags
 
Add a new tag
Caveats
  • Supply blocks, unpowered buildings, or Contaminate may cause inaccurate times.
  • Supply counts are checked every 10 seconds.